 Dungeon Sprint DCSS version 0.27-a0-1149-g4505690ab0 (webtiles) character file.

Game seed: 7042257953463100969

4400000 Zeld the Intangible (level 26, -37/141 HPs)
             Began as an Octopode Gladiator on May 13, 2021.
             Was the Champion of Makhleb.
             Annihilated by a destroyer
             ... wielding a +9 vorpal great sword
              (102 damage)
             ... in the Dungeon (Sprint VIII: "Arena of Blood").
             The game lasted 00:02:55 (44 turns).

Zeld the Intangible (Octopode Gladiator)              Turns: 44, Time: 00:02:56

Health: -37/141    AC:  1    Str: 24    XL:     26   Next: 89%
Magic:  20/46      EV: 28    Int: 10    God:    Makhleb [******]
Gold:   0          SH:  0    Dex: 15    Spells: 63/63 levels left

rFire    . . .     SeeInvis .   i - +∞ Axe of Woe
rCold    . . .     Faith    .   (shield currently unavailable)
rNeg     . . .     Spirit   .   a - +0 hat
rPois    .         Reflect  .   (no amulet)
rElec    .         Harm     .   (no ring)
rCorr    .         Rampage  .   (no ring)
Will     +....     NoTele   +   (no ring)
Stlth    ++++++++++             (no ring)
HPRegen  0.33/turn              (no ring)
MPRegen  0.30/turn              (no ring)
                                (no ring)
                                (no ring)

@: no status effects
A: almost no armour, amphibious, 8 rings, camouflage 1, gelatinous body 1,
(nimble swimmer 1), tentacles
a: Renounce Religion, Minor Destruction, Lesser Servant of Makhleb, Major
Destruction, Greater Servant of Makhleb


You were in the Dungeon.
You worshipped Makhleb.
Makhleb was exalted by your worship.
You visited 1 branch

Inventory:

Hand Weapons
 i - the +∞ Axe of Woe (weapon)
   (You found it in the Dungeon)
Armour
 a - a +0 hat (worn)
Jewellery
 b - a +30 ring of slaying
 j - a +30 ring of slaying
 k - a +30 ring of slaying
 l - a +30 ring of slaying
 m - a +30 ring of slaying
 n - a +30 ring of slaying
 o - a +30 ring of slaying
 p - a +30 ring of slaying
Scrolls
 h - a scroll of blinking
Potions
 c - a potion of curing
 d - a potion of heal wounds
 e - a potion of haste
 f - 2 potions of magic
 g - a potion of berserk rage


   Skills:
 - Level 2.0 Fighting
 + Level 20.8(23.8) Short Blades
 + Level 20.9(23.8) Long Blades
 O Level 27 Axes
 + Level 20.9(27) Maces & Flails
 + Level 20.8(27) Polearms
 + Level 20.9(26.3) Staves
 + Level 20.9 Bows
 + Level 20.9 Crossbows
 - Level 2.0 Throwing
 O Level 27 Dodging
 O Level 27 Stealth
 + Level 20.9 Shields
 - Level 3.0 Unarmed Combat
 + Level 19.4 Spellcasting
 + Level 20.9 Conjurations
 + Level 22.8 Hexes
 + Level 20.9 Summonings
 + Level 20.9 Necromancy
 + Level 20.9 Translocations
 + Level 20.9 Transmutations
 + Level 22.8 Fire Magic
 + Level 22.8 Ice Magic
 + Level 22.8 Air Magic
 + Level 22.8 Earth Magic
 + Level 26.1 Poison Magic
 + Level 24.4 Invocations
 + Level 24.4 Evocations


You had 63 spell levels left.
You didn't know any spells.
Your spell library was empty.

Dungeon Overview and Level Annotations

Branches:
Dungeon (1/1)

Altars:
Makhleb


Innate Abilities, Weirdness & Mutations

You cannot wear most types of armour.
You are amphibious.
You can wear up to eight rings at the same time.
Your skin changes colour to match your surroundings (Stealth+).
Your rubbery body absorbs attacks. (AC +1, EV +1)
((You are camouflaged near water. (Stealth+)))
You have tentacles for arms and can constrict up to eight enemies at once.


Message History

Your Hexes skill increases to level 22!
Your Summonings skill increases to level 20!
Your Necromancy skill increases to level 20!
Your Translocations skill increases to level 20!
Your Transmutations skill increases to level 20!
Your Fire Magic skill increases to level 22!
Your Ice Magic skill increases to level 22!
Your Air Magic skill increases to level 22!
Your Earth Magic skill increases to level 22!
Unknown command.
You slice the meat berserker!!
You dissect the meat berserker like a pig carcass.
You kill the meat berserker!
Makhleb accepts your kill.
You hit the bag of meat but do no damage.
You cleave the bag of meat in twain.
You kill the bag of meat!
Makhleb accepts your kill.
You hear a shout! x2
A large bag of meat comes into view. It is wielding a +9 giant spiked club.
You hear two shouts!
You have mastered Stealth!
Your Poison Magic skill increases to level 26!
Your Invocations skill increases to level 24!
Your Evocations skill increases to level 24!
b - a +30 ring of slaying;
j - a +30 ring of slaying;
k - a +30 ring of slaying
l - a +30 ring of slaying;
m - a +30 ring of slaying;
n - a +30 ring of slaying
o - a +30 ring of slaying;
p - a +30 ring of slaying The accursed appears out of thin air!
An accursed comes into view.
You hear a shout! x2
A bag of meat comes into view. It is wielding a +9 war axe.
A meat berserker comes into view. It is wielding a +9 battleaxe.
You hear a shout! x2
The meat berserker hits you with a +9 battleaxe!!!!
Ouch! That really hurt!
The destroyer is engulfed in blazing flames.
The destroyer hits you with a +9 vorpal great sword!!!!
Ouch! That really hurt!
You die... ..... .Oo #o.. ..# . #... oM#

. ..###...
..###..
.....o###......
......_......
#§§V))# #§)z@_#
#§o))O#
......_...Vo.
.O....###OO....
..###...
oo###.. . #...
..# . #... ..#
..... ...


You could see an accursed (wandering), 2 destroyers, a sculptor of flesh, 3
large bags of meat, 2 meat berserkers and 6 bags of meat.

Vanquished Creatures
  4 vampire knights (D)
  11 ogres (D)
  A two-headed ogre (D)
  31 orcs (D)
47 creatures vanquished.

Notes
Turn   | Place    | Note
-------+----------+-------------------------------------------
     0 | D        | Found the +∞ Axe of Woe
     0 | D        | Zeld the Octopode Gladiator began the quest for the Orb.
     0 | D        | Reached XP level 1. HP: 14/14 MP: 1/1
     2 | D        | Noticed a bag of meat
     4 | D        | Became a worshipper of Makhleb the Destroyer
     4 | D        | Noticed a bag of meat
     5 | D        | Noticed a bag of meat
     6 | D        | Noticed a meat berserker
     6 | D        | Noticed a meat berserker
     7 | D        | Noticed a bag of meat
     7 | D        | Noticed a bag of meat
     8 | D        | Noticed a bag of meat
     9 | D        | Killed a bag of meat
     9 | D        | Noticed a meat berserker
     9 | D        | Noticed a bag of meat
     9 | D        | Noticed a bag of meat
    10 | D        | Reached XP level 2. HP: 19/19 MP: 2/2
    10 | D        | Reached XP level 3. HP: 24/24 MP: 3/3
    10 | D        | Reached XP level 4. HP: 29/29 MP: 4/4
    10 | D        | Reached XP level 5. HP: 34/34 MP: 5/5
    10 | D        | Reached XP level 6. HP: 39/39 MP: 6/6
    10 | D        | Reached XP level 7. HP: 45/45 MP: 7/7
    10 | D        | Reached XP level 8. HP: 50/50 MP: 8/8
    10 | D        | Reached XP level 9. HP: 54/54 MP: 9/9
    10 | D        | Reached XP level 10. HP: 60/60 MP: 10/10
    10 | D        | Reached XP level 11. HP: 64/64 MP: 11/11
    10 | D        | Reached XP level 12. HP: 70/70 MP: 12/12
    10 | D        | Killed a meat berserker
    10 | D        | Reached * piety under Makhleb
    10 | D        | Killed a meat berserker
    10 | D        | Noticed a bag of meat
    10 | D        | Noticed a meat berserker
    11 | D        | Reached skill level 27 in Dodging
    11 | D        | Reached XP level 13. HP: 74/74 MP: 13/13
    11 | D        | Reached XP level 14. HP: 81/81 MP: 14/14
    11 | D        | Reached XP level 15. HP: 85/85 MP: 15/15
    13 | D        | Reached skill level 27 in Axes
    15 | D        | Killed a meat berserker
    15 | D        | Reached ** piety under Makhleb
    15 | D        | Noticed a meat berserker
    16 | D        | Reached skill level 5 in Short Blades
    16 | D        | Reached skill level 5 in Long Blades
    16 | D        | Reached skill level 5 in Maces & Flails
    16 | D        | Reached skill level 5 in Polearms
    16 | D        | Reached skill level 5 in Staves
    16 | D        | Reached skill level 5 in Bows
    16 | D        | Reached skill level 5 in Crossbows
    16 | D        | Reached skill level 5 in Shields
    16 | D        | Reached skill level 5 in Spellcasting
    16 | D        | Reached skill level 5 in Conjurations
    16 | D        | Reached skill level 5 in Summonings
    16 | D        | Reached skill level 5 in Necromancy
    16 | D        | Reached skill level 5 in Translocations
    16 | D        | Reached skill level 5 in Transmutations
    16 | D        | Reached XP level 16. HP: 90/90 MP: 15/23
    16 | D        | Noticed a meat berserker
    17 | D        | Reached XP level 17. HP: 95/95 MP: 15/25
    17 | D        | Killed a meat berserker
    17 | D        | Reached *** piety under Makhleb
    18 | D        | Reached skill level 10 in Hexes
    18 | D        | Reached skill level 10 in Fire Magic
    18 | D        | Reached skill level 10 in Ice Magic
    18 | D        | Reached skill level 10 in Air Magic
    18 | D        | Reached skill level 10 in Earth Magic
    18 | D        | Reached skill level 10 in Invocations
    18 | D        | Reached skill level 10 in Evocations
    18 | D        | Reached XP level 18. HP: 100/100 MP: 15/30
    18 | D        | Reached **** piety under Makhleb
    20 | D        | Reached skill level 10 in Short Blades
    20 | D        | Reached skill level 10 in Long Blades
    20 | D        | Reached skill level 10 in Maces & Flails
    20 | D        | Reached skill level 10 in Polearms
    20 | D        | Reached skill level 10 in Staves
    20 | D        | Reached skill level 10 in Bows
    20 | D        | Reached skill level 10 in Crossbows
    20 | D        | Reached skill level 10 in Shields
    20 | D        | Reached skill level 10 in Conjurations
    20 | D        | Reached skill level 10 in Summonings
    20 | D        | Reached skill level 10 in Necromancy
    20 | D        | Reached skill level 10 in Translocations
    20 | D        | Reached skill level 10 in Transmutations
    20 | D        | Reached XP level 19. HP: 105/105 MP: 15/32
    21 | D        | Reached skill level 15 in Stealth
    21 | D        | Reached skill level 10 in Spellcasting
    21 | D        | Killed a meat berserker
    21 | D        | Reached ***** piety under Makhleb
    22 | D        | Reached skill level 15 in Poison Magic
    23 | D        | Reached XP level 20. HP: 93/110 MP: 16/35
    23 | D        | Killed a meat berserker
    23 | D        | Noticed a destroyer
    24 | D        | Reached skill level 15 in Invocations
    24 | D        | Reached skill level 15 in Evocations
    24 | D        | Reached XP level 21. HP: 116/116 MP: 16/37
    24 | D        | Noticed a meat berserker
    25 | D        | Noticed a meat berserker
    26 | D        | Reached skill level 15 in Hexes
    26 | D        | Reached skill level 15 in Fire Magic
    26 | D        | Reached skill level 15 in Ice Magic
    26 | D        | Reached skill level 15 in Air Magic
    26 | D        | Reached skill level 15 in Earth Magic
    26 | D        | Killed a destroyer
    27 | D        | Noticed a meat berserker
    27 | D        | Reached ****** piety under Makhleb
    28 | D        | Reached skill level 15 in Long Blades
    28 | D        | Reached skill level 15 in Maces & Flails
    28 | D        | Reached skill level 15 in Polearms
    28 | D        | Reached skill level 15 in Staves
    28 | D        | Reached skill level 15 in Bows
    28 | D        | Reached skill level 15 in Crossbows
    28 | D        | Reached skill level 15 in Shields
    28 | D        | Reached skill level 15 in Conjurations
    28 | D        | Reached skill level 15 in Summonings
    28 | D        | Reached skill level 15 in Necromancy
    28 | D        | Reached skill level 15 in Translocations
    28 | D        | Reached XP level 22. HP: 121/121 MP: 16/39
    30 | D        | Reached skill level 15 in Short Blades
    30 | D        | Reached skill level 15 in Transmutations
    31 | D        | Noticed a large bag of meat
    31 | D        | Noticed a large bag of meat
    31 | D        | Noticed a destroyer
    32 | D        | Reached XP level 23. HP: 126/126 MP: 17/41
    32 | D        | Noticed a destroyer
    34 | D        | Reached skill level 15 in Spellcasting
    36 | D        | Reached XP level 24. HP: 131/131 MP: 18/43
    36 | D        | Killed a destroyer
    36 | D        | Killed a destroyer
    37 | D        | Noticed a destroyer
    39 | D        | Reached XP level 25. HP: 135/135 MP: 19/44
    39 | D        | Noticed a destroyer
    39 | D        | Killed a large bag of meat
    39 | D        | Noticed a destroyer
    40 | D        | Noticed a large bag of meat
    42 | D        | Reached XP level 26. HP: 140/141 MP: 20/45
    42 | D        | Killed a destroyer
    43 | D        | Noticed a large bag of meat
    44 | D        | Reached skill level 27 in Stealth
    44 | D        | Annihilated by a destroyer

Illustrated notes

Levels and vault maps discovered:
D:        meatsprint

Skill      XL: |  1  2  3  4  5  6  7  8  9 10 11 12 13 14 15 16 17 18 19 20 21 22 23 24 25 26 |
---------------+-------------------------------------------------------------------------------+-----
Axes           | 14 26 27 | 27.0
Dodging        | 23 27 | 27.0
Short Blades   | 5 6 9 10 12 13 14 16 17 19 20 | 20.8
Long Blades    | 5 6 9 10 12 13 15 16 17 19 20 | 20.9
Maces & Flails | 5 6 9 10 12 13 15 16 17 19 20 | 20.9
Polearms       | 5 6 9 10 12 13 15 16 17 19 20 | 20.8
Staves         | 5 6 9 10 12 13 15 16 17 19 20 | 20.9
Bows           | 5 6 9 10 12 13 15 16 17 19 20 | 20.9
Crossbows      | 5 6 9 10 12 13 15 16 17 19 20 | 20.9
Stealth        | 8 9 12 14 16 17 20 21 23 25 26 27 | 27.0
Shields        | 5 6 9 10 12 13 15 16 17 19 20 | 20.9
Spellcasting   | 5 8 9 11 12 13 14 16 17 18 19 | 19.4
Conjurations   | 5 6 9 10 12 13 15 16 17 19 20 | 20.9
Hexes          | 6 7 10 11 13 14 16 17 19 20 21 22 | 22.8
Summonings     | 5 6 9 10 12 13 15 16 17 19 20 | 20.9
Necromancy     | 5 6 9 10 12 13 15 16 17 19 20 | 20.9
Translocations | 5 6 9 10 12 13 15 16 17 19 20 | 20.9
Transmutations | 5 6 9 10 12 13 14 16 17 19 20 | 20.9
Fire Magic     | 6 7 10 11 13 14 16 17 19 20 21 22 | 22.8
Ice Magic      | 6 7 10 11 13 14 16 17 19 20 21 22 | 22.8
Air Magic      | 6 7 10 11 13 14 16 17 19 20 21 22 | 22.8
Earth Magic    | 6 7 10 11 13 14 16 17 19 20 21 22 | 22.8
Poison Magic   | 7 8 11 13 15 16 19 20 22 23 25 26 | 26.1
Invocations    | 7 8 10 12 14 15 17 19 20 22 23 24 | 24.4
Evocations     | 7 8 10 12 14 15 17 19 20 22 23 24 | 24.4
Fighting       | |  2.0
Throwing       | |  2.0
Unarmed Combat | |  3.0

Action                   |  1- 3 |  4- 6 |  7- 9 | 10-12 | 13-15 | 16-18 | 19-21 | 22-24 | 25-27 || total
-------------------------+-------+-------+-------+-------+-------+-------+-------+-------+-------++-------
Melee: Executioner's axe |     1 |       |       |     1 |     2 |     4 |     8 |     7 |     4 ||    27
Throw: Throwing net      |     1 |       |       |       |       |       |       |       |       ||     1
Dodge: Dodged            |       |       |       |       |     1 |       |       |       |     1 ||     2

Table legend: (Time is in decaauts)
 A = Elapsed time spent in this place.
 B = Non-inter-level travel time spent in this place.
 C = Inter-level travel time spent in this place.
 D = Time resting spent in this place.
 E = Time spent auto-exploring this place.
 F = Levels seen in this place.
 G = Mean time per level.
                   A        B        C        D        E       F      G
               +--------+--------+--------+--------+--------+-----+--------+
         Total |     37 |     37 |      0 |      0 |      0 |   1 |   37.0 |
       Dungeon |     37 |     37 |      0 |      0 |      0 |   1 |   37.0 |
               +--------+--------+--------+--------+--------+-----+--------+

Top non-repeatable levels by time:
       D: 37 daAuts
